Kradschützen Motorcycle Team
Construct Light Support Kompanie
Panzerjäger Mechanized Group
Pak 38 Anti-tank Gun Team
Selects Battlefield Espionage Battlegroup
Selects Battlefield Espionage Battlegroup
Selects Intel Disruption Beacon
Selects Intel Disruption Beacon
Construct Panzerarmee Kommand
Selects 250/3 Funkpanzerwagen
Selects Anti-Tank Incendiary Munitions
Walking Stuka Rocket Launcher
Pak 38 Anti-tank Gun Team
Walking Stuka Rocket Launcher
Selects Operation Skorpion
Walking Stuka Rocket Launcher